 Dungeon Crawl Stone Soup version 0.18.1-50-g88ac8fd (webtiles) character file.

107 Aziraphale the Sneak (level 4, 0/23 HPs)
             Began as a Vine Stalker Assassin on Sept 21, 2016.
             Was an Initiate of Ru.
             Slain by an ogre
             ... wielding a +0 giant club
              (7 damage)
             ... on level 4 of the Dungeon.
             The game lasted 00:05:10 (1722 turns).

Aziraphale the Sneak (Vine Stalker Assassin)        Turns: 1722, Time: 00:05:10

Health: 0/23       AC:  5    Str: 13    XL:     4   Next: 85%
Magic:  0/5        EV: 11    Int: 11    God:    Ru [......]
Gold:   174        SH:  0    Dex: 17    Spells: 0 memorised, 3 levels left

rFire  + . .     SeeInvis .     a - +2 dagger
rCold  x . .     Gourm    +     c - +0 robe
rNeg   . . .     Faith    .     (no shield)
rPois  .         Spirit   +     n - +1 helmet
rElec  .         Dismiss  .     d - +0 cloak
rCorr  .         Reflect  .     (no gloves)
SustAt .         Harm     .     (no boots)
MR     .....                    G - amulet of the gourmand
Stlth  +++.......               (no ring)
                                i - ring of fire

@: not resistant to hostile enchantments, fairly stealthy
A: fangs 2, regeneration 1, magic shield, antimagic bite, no device heal 3, rot
immunity
a: Renounce Religion


You were on level 4 of the Dungeon.
You worshipped Ru.
Ru was noncommittal.
You were hungry.

You visited 1 branch of the dungeon, and saw 4 of its levels.

You collected 174 gold pieces.

Inventory:

Hand Weapons
 a - a +2 dagger (weapon)
 b - a +0 blowgun
 A - a +1 spear of chaos
Missiles
 e - 8 poisoned needles
 f - 2 curare-tipped needles
 h - 65 stones (quivered)
 j - 50 sling bullets
 r - 2 tomahawks
Armour
 c - a +0 robe (worn)
 d - a +0 cloak (worn)
 n - a +1 helmet (worn)
Jewellery
 i - a ring of fire (left hand)
 G - an amulet of the gourmand (around neck)
Scrolls
 k - a scroll of enchant weapon {unknown}
 m - 3 scrolls of blinking {unknown}
 o - a scroll of enchant armour {unknown}
 q - 2 scrolls of identify {unknown}
 u - 2 scrolls of fear {unknown}
 w - 3 scrolls of teleportation {unknown}
 x - a scroll of amnesia {unknown}
 y - 2 scrolls of recharging {unknown}
 C - a scroll of magic mapping {unknown}
 H - a scroll of remove curse {unknown}
Potions
 l - 2 potions of agility {unknown}
 p - 2 potions of degeneration {unknown}
 s - a potion of flight {unknown}
 t - 2 potions of berserk rage {unknown}
 v - a potion of might {unknown}
 z - a potion of curing {unknown}
 D - a potion of heal wounds {unknown}
 E - a potion of haste {unknown}
Comestibles
 g - a bread ration
 B - 2 meat rations
 F - 2 beef jerkies


   Skills:
 + Level 2.9 Fighting
 + Level 2.9 Short Blades
 - Level 1.7 Throwing
 - Level 0.7 Dodging
 + Level 5.8 Stealth


You had 3 spell levels left.
You didn't know any spells.

Dungeon Overview and Level Annotations

Branches:
Dungeon (4/15)
 Temple: D:4-7

Altars:
Ru
Xom


Innate Abilities, Weirdness & Mutations

You have extremely sharp teeth.
Your natural rate of healing is unusually fast.
When hurt, damage is shared between your health and your magic reserves.
Your bite disrupts and absorbs the magic of your enemies.
Potions and wands cannot restore your health.
You are immune to rotting.


Message History

Put on which piece of jewellery? (? for menu, Esc to quit)
You feel more attuned to fire.
i - a ring of fire (left hand) Put on which piece of jewellery? (? for menu, Esc to quit)
You feel a craving for the dungeon's cuisine.
G - an amulet of the gourmand (around neck) Eat which item? (? for menu, Esc to quit)
Okay, then.
Found a dagger.
H - a scroll labeled JEERUA NISE
t - 2 fuming red potions (gained 1)
You are feeling hungry.
B - 2 meat rations (gained 1)
An ogre comes into view. It is wielding a giant club.
The ogre shouts!
The ogre hits you with a giant club!!
Ouch! That really hurt!
You closely miss the ogre. Your bite misses the ogre.
The ogre hits you with a giant club!
You die...

##.......
##..#..
#........
###......
##........
.#.......#
##.........
.........#
##..........
........#
##..#........
#..#.....
##..###.......
#....O.###...#
####...#
#@.....## ####
###...## ###.#
##.# ..# #..#
#..# #.#


You could see an ogre.

Vanquished Creatures
  A hound (D:3)
  5 adders
  3 orcs
  A giant cockroach (D:1)
  4 hobgoblins
  5 kobolds
  4 bats
  3 giant newts
  2 goblins (D:1)
  5 rats
33 creatures vanquished.

Notes
Turn   | Place    | Note
--------------------------------------------------------------
     0 | D:1      | Aziraphale the Vine Stalker Assassin began the quest for the Orb.
     0 | D:1      | Reached XP level 1. HP: 11/11 MP: 2/2
   211 | D:1      | Reached skill level 5 in Stealth
   241 | D:1      | Reached XP level 2. HP: 13/15 MP: 3/3
   750 | D:2      | Reached XP level 3. HP: 18/18 MP: 4/4
   946 | D:2      | Found a shimmering altar of Xom.
  1073 | D:2      | Reached XP level 4. HP: 23/23 MP: 5/5
  1334 | D:3      | Found a shimmering altar of Xom.
  1417 | D:3      | Found a sacrificial altar of Ru.
  1423 | D:3      | Became a worshipper of Ru the Awakened
  1718 | D:4      | Noticed an ogre
  1722 | D:4      | Slain by an ogre

Skill      XL: |  1 |
---------------+----+-----
Stealth        | 5 |  5.8
Fighting       | 2 |  2.9
Short Blades   | 2 |  2.9
Throwing       | |  1.7
Dodging        | |  0.7

Action                   |  1- 3 |  4- 6 || total
-------------------------+-------+-------++-------
Melee: Dagger            |    61 |    27 ||    88
       Bite              |    10 |     8 ||    18
 Stab: Sleeping          |     8 |     3 ||    11
       Invisible         |     1 |       ||     1
  Eat: Chunk             |       |     2 ||     2
Armor: Robe              |    16 |    11 ||    27
Dodge: Dodged            |    23 |    13 ||    36
